 Dungeon Crawl Stone Soup version 0.30-a0-930-gb9d0489357 (webtiles) character file.

Game seed: 11025345550736192208

322 MachoJfn the Thaumaturge (level 6, 0/40 HPs)
             Began as a Djinni Hedge Wizard on Mar 23, 2023.
             Slain by a vampire mosquito (10 damage)
             ... on level 5 of the Dungeon.
             The game lasted 00:14:48 (3479 turns).

MachoJfn the Thaumaturge (Djinni Hedge Wizard)      Turns: 3479, Time: 00:14:50

Health: 0/40       AC:  5    Str: 12    XL:     6   Next: 76%
Gold:   147        EV: 14    Int: 18    God:
                   SH:  0    Dex: 12

rFire   + + +      SeeInvis .    a - +1 dagger
rCold   x . .      Faith    .    (no shield)
rNeg    + . .      Spirit   .    m - +0 leather armour of Distant Shores {Harm rElec rF+ Str+3}
rPois   ∞          Reflect  .    c - +0 hat
rElec   +          Rampage  .    (no cloak)
rCorr   .          Harm     + .  l - +1 pair of gloves
Will    .....                    (boots unavailable)
Stlth   ++                       (no amulet)
HPRegen 0.26/turn                g - ring of positive energy
MPRegen 0.00/turn                (no ring)

@: flying
A: sickness immunity, fire resistance 2, cold vulnerability 1, float, innate
caster, HP casting, extra vitality 1
a: no special abilities


You were on level 5 of the Dungeon.
You visited 1 branch of the dungeon, and saw 5 of its levels.

You collected 169 gold pieces.
You spent 22 gold pieces at shops.

Inventory:

Hand Weapons
 a - a +1 dagger (weapon)
 h - a +2 whip of draining
 o - a +1 war axe of flaming
Missiles
 f - 56 stones
 s - a throwing net
Armour
 b - a +0 robe
 c - a +0 hat (worn)
 l - a +1 pair of gloves (worn)
 m - the +0 leather armour of Distant Shores (worn) {Harm rElec rF+ Str+3}
   (You found it on level 4 of the Dungeon)

   Str:       It affects your strength (+3).
   rF:        It protects you from fire.
   rElec:     It insulates you from electricity.
   Harm:      It increases damage dealt and taken.
Jewellery
 g - a ring of positive energy (left hand)
Wands
 p - a wand of flame (16)
Scrolls
 n - 2 scrolls of teleportation {unknown}
 t - a scroll of identify
 u - a scroll of noise {unknown}
Potions
 d - 2 potions of curing
 e - 4 potions of invisibility
 i - 5 potions of attraction
 j - a potion of might
 k - a potion of ambrosia {unknown}
 q - a potion of brilliance {unknown}
 r - 2 potions of mutation {unknown}


   Skills:
 + Level 0.2 Short Blades
 + Level 0.3 Armour
 + Level 8.0 Dodging
 + Level 4.2 Stealth
 + Level 8.3 Spellcasting


You knew the following spells:

 Your Spells              Type           Power      Damage    Failure   Level
a - Magic Dart            Conj           100%       1d8       1%          1
b - Slow                  Hex            100%       N/A       1%          1
c - Blink                 Tloc           74%        N/A       1%          2
d - Call Imp              Summ           37%        N/A       1%          2
e - Mephitic Cloud        Conj/Pois/Air  37%        N/A       1%          3
f - Foxfire               Conj/Fire      100%       2x1d9     1%          1
g - Lesser Beckoning      Tloc           74%        N/A       1%          2
Your spell library was empty.

Dungeon Overview and Level Annotations

Branches:
Dungeon (5/15)
 Temple: D:4-7

Altars:

Shops:
D:1 :   D:4 *


Innate Abilities, Weirdness & Mutations

You are immune to sickness and miasma.
You are immune to poison.
Your flesh is very heat resistant. (rF++)
You are vulnerable to cold. (rC-)
You float through the air rather than walking.
You learn spells naturally, not from books.
Your magical power is your life essence.
You have superior vitality. (+4 MHP)


Message History

Your crimson imp completely misses the vampire mosquito.
The vampire mosquito bites your crimson imp.
The vampire mosquito closely misses you.
The vampire mosquito misses your crimson imp.
The vampire mosquito bites you!
Your crimson imp closely misses the vampire mosquito.
The vampire mosquito bites your crimson imp!
Your crimson imp dies!
Your crimson imp disappears in a puff of smoke!
The vampire mosquito closely misses you.
The vampire mosquito barely misses you.
The vampire mosquito bites you but does no damage.
The vampire mosquito closely misses you.
Casting: Call Imp (safe; 1% risk of failure)
Confirm with . or Enter, or press ? or * to list all spells.
Aiming: Magic Dart (safe; 1% risk of failure)
Press: ? - help, Shift-Dir - straight line, f - vampire mosquito
Aim: a vampire mosquito (100% to hit)
Okay, then.
Casting: Magic Dart (safe; 1% risk of failure)
Confirm with . or Enter, or press ? or * to list all spells.
A beastly little devil appears in a puff of flame.
The vampire mosquito bites your crimson imp.
The vampire mosquito bites you!
The vampire mosquito bites your crimson imp.
The vampire mosquito bites you.
The vampire mosquito misses your crimson imp.
Your crimson imp closely misses the vampire mosquito.
The vampire mosquito closely misses you.
The vampire mosquito closely misses your crimson imp.
The vampire mosquito barely misses your crimson imp.
Your crimson imp closely misses the vampire mosquito.
You hit the vampire mosquito.
The vampire mosquito is lightly damaged.
The vampire mosquito bites your crimson imp!
The vampire mosquito bites you!
* * * LOW HITPOINT WARNING * * *
The vampire mosquito bites your crimson imp.
The vampire mosquito bites you!
You die...

###
#...........#
#...........#
#...........#
#...........#
#...........#
####.########
#.# #.# #####
#@######......
#.y..5yy......
########......
..... y... ...
.. .


You could see 3 vampire mosquitoes and a friendly crimson imp (summoned).

Vanquished Creatures
  2 iguanas
  6 adders
  A worm (D:3)
  4 dart slugs
  2 orcs
  2 ball pythons (D:4)
  3 endoplasms
  2 giant cockroaches (D:2)
  7 goblins
  6 hobgoblins
  3 jackals (D:4)
  7 kobolds
  2 quokkas (D:1)
  8 bats
  7 frilled lizards
  7 rats
69 creatures vanquished.

Vanquished Creatures (collateral kills)
  A scorpion (D:5)
  An adder (D:5)
2 creatures vanquished.

Vanquished Creatures (others)
  8 foxfires
  6 plants (D:4)
14 creatures vanquished.

Grand Total: 85 creatures vanquished

Notes
Turn   | Place    | Note
-------+----------+-------------------------------------------
     0 | D:1      | MachoJfn the Djinni Hedge Wizard began the quest for the
                  | Orb.
     0 | D:1      | MachoJfn set off with the following spells memorised: Magic
                  | Dart, Slow, Blink, Call Imp, Mephitic Cloud.
     0 | D:1      | Reached XP level 1. HP: 15/15 MP: 0/0
    90 | D:1      | Reached XP level 2. HP: 20/21 MP: 0/0
   478 | D:1      | Reached XP level 3. HP: 25/25 MP: 0/0
   478 | D:1      | Learned a level 1 spell: Foxfire
   479 | D:1      | Reached XP level 4. HP: 31/31 MP: 0/0
   758 | D:1      | Found Wittauc's Book Emporium.
  1086 | D:2      | Reached XP level 5. HP: 28/35 MP: 0/0
  1086 | D:2      | Learned a level 2 spell: Lesser Beckoning
  2613 | D:4      | Reached XP level 6. HP: 29/40 MP: 0/0
  2638 | D:4      | Found Wyphal's Assorted Antiques.
  2685 | D:4      | Bought a scroll labelled MEPIV JUTECK for 22 gold pieces
  2685 | D:4      | Identified the +0 leather armour of Distant Shores {Harm
                  | rElec rF+ Str+3}
  3337 | D:5      | Entered Level 5 of the Dungeon
  3462 | D:5      | Noticed a vampire mosquito
  3467 | D:5      | Noticed a vampire mosquito
  3467 | D:5      | Noticed a vampire mosquito
  3479 | D:5      | Slain by a vampire mosquito

Illustrated notes

Levels and vault maps discovered:
D:1:      shiori_arrival_maze, layout_basic, serial_shops, shop,
          kennysheep_decorative_pillar, minmay_tetromino_i4
D:2:      minmay_diamond_boxcup, layout_loops_ring, kennysheep_cross_bottleneck
D:3:      layout_rooms
D:4:      layout_loops_ring, serial_shops, nicolae_shop_overgrown_old_shop
D:5:      layout_basic

Skill      XL: |  1  2  3  4  5  6 |
---------------+-------------------+-----
Spellcasting   | 6 8 |  8.3
Dodging        | 6 7 8 |  8.0
Stealth        | 4 |  4.2
Short Blades   | |  0.2
Armour         | |  0.3

Action                     |  1- 3 |  4- 6 || total
---------------------------+-------+-------++-------
  Melee: Dagger            |       |    20 ||    20
   Cast: Magic Dart        |    28 |   108 ||   136
         Foxfire           |       |     8 ||     8
         Blink             |       |     2 ||     2
         Mephitic Cloud    |       |     1 ||     1
         Call Imp          |       |     3 ||     3
    Use: Scroll            |     3 |     9 ||    12
         Potion            |     2 |     4 ||     6
   Stab: Sleeping          |       |     1 ||     1
 Armour: Robe              |     1 |     5 ||     6
         Leather armour    |       |     4 ||     4
  Dodge: Dodged            |     3 |    33 ||    36

Table legend: (Time is in decaauts)
 A = Elapsed time spent in this place.
 B = Non-inter-level travel time spent in this place.
 C = Inter-level travel time spent in this place.
 D = Time resting spent in this place.
 E = Time spent auto-exploring this place.
 F = Levels seen in this place.
 G = Mean time per level.
                   A        B        C        D        E       F      G
               +--------+--------+--------+--------+--------+-----+--------+
         Total |   3458 |   2861 |    597 |    126 |   2275 |   5 |  691.6 |
       Dungeon |   3458 |   2861 |    597 |    126 |   2275 |   5 |  691.6 |
               +--------+--------+--------+--------+--------+-----+--------+

Top non-repeatable levels by time:
     D:2: 1169 daAuts
     D:1: 832 daAuts
     D:4: 760 daAuts
     D:3: 555 daAuts
     D:5: 141 daAuts
